 Dungeon Crawl Stone Soup version 0.21.0-30-g47ce8e4 (webtiles) character file.

109559 Lovchig the Severer (level 16, -16/136 HPs)
             Began as a Deep Dwarf Fighter on Jan 28, 2018.
             Was the Champion of Makhleb.
             Demolished by an emperor scorpion (21 damage)
             ... on level 2 of the Spider Nest.
             The game lasted 01:25:29 (20646 turns).

Lovchig the Severer (Deep Dwarf Fighter)           Turns: 20646, Time: 01:25:30

Health: -16/136    AC: 24    Str: 25      XL:     16   Next: 5%
Magic:  0/0        EV: 14    Int:  8 (9)  God:    Makhleb [******]
Gold:   2633       SH: 14    Dex: 10      Spells: 15/15 levels left

rFire    + . .     SeeInvis .   N - +0 broad axe
rCold    + . .     Gourm    .   B - +0 shield {reflect}
rNeg     + + .     Faith    .   P - +0 plate armour of the Other Side {rN+}
rPois    .         Spirit   .   u - +0 helmet
rElec    .         Reflect  +   J - +2 cloak {rF+}
rCorr    .         Harm     .   E - +1 pair of gloves
MR       +++..                  t - +0 pair of boots
Stlth    ..........             w - amulet of rage
HPRegen  0.00/turn              g - ring of protection from cold
MPRegen  0.07/turn              F - ring of protection from magic

@: very slightly contaminated, non-regenerating, slowed, studying Fighting,
invisible, very slow
A: damage resistance, heal wounds, repulsion field 1, clumsy 1, deterioration 1,
frail 1, negative energy resistance 1, sense surroundings 2, weak 1, no
regeneration
a: Heal Wounds, Minor Destruction, Lesser Servant of Makhleb, Major Destruction,
Greater Servant of Makhleb, Renounce Religion, Evoke Berserk Rage


You were on level 2 of the Spider Nest.
You worshipped Makhleb.
Makhleb was exalted by your worship.
You were not hungry.

You visited 5 branches of the dungeon, and saw 26 of its levels.
You also visited: Labyrinth, Sewer and Volcano.

You collected 2798 gold pieces.
You spent 165 gold pieces at shops.

Inventory:

Hand Weapons
 D - a +0 scimitar of flaming
 N - a +0 broad axe (weapon)
Armour
 c - a +2 cloak of magic resistance
 t - a +0 pair of boots (worn)
 u - a +0 helmet (worn)
 B - a +0 shield of reflection (worn)
 E - a +1 pair of gloves (worn)
 J - a +2 cloak of fire resistance (worn)
 P - the +0 plate armour of the Other Side (worn) {rN+}
   (You found it on level 1 of the Lair of Beasts)

   It protects you from negative energy.
Jewellery
 g - a ring of protection from cold (left hand)
 w - an amulet of rage (around neck)
 F - a ring of protection from magic (right hand)
Wands
 h - a wand of enslavement (28)
 o - a wand of random effects (65)
 p - a wand of flame (15)
 y - a wand of polymorph (15)
 C - a wand of acid (14)
 H - a wand of iceblast (7)
 I - a wand of digging (34)
 M - a wand of disintegration (12)
Scrolls
 e - 14 scrolls of teleportation
 n - 8 scrolls of identify
 q - 2 scrolls of magic mapping
 r - 7 scrolls of blinking
 s - 8 scrolls of remove curse
 v - 7 scrolls of amnesia
 A - 3 scrolls of fog
 K - a scroll of holy word
 L - 3 scrolls of silence
 O - 2 scrolls of enchant weapon
 S - a scroll of fear
Potions
 b - 5 potions of haste
 d - a potion of berserk rage
 i - 2 potions of resistance
 j - 5 potions of curing
 k - 3 potions of ambrosia
 m - 4 potions of brilliance
 x - 3 potions of agility
 z - 3 potions of lignification
Books
 U - a manual of Fighting
Miscellaneous
 G - a sack of spiders
 Q - a box of beasts
Comestibles
 f - 53 rations


   Skills:
 * Level 11.7 Fighting
 + Level 1.6 Long Blades
 * Level 17.7 Axes
 * Level 12.2 Armour
 * Level 10.9 Dodging
 * Level 16.0 Shields


You had 15 spell levels left.
You didn't know any spells.

Dungeon Overview and Level Annotations

Branches:
Dungeon (15/15)            Temple (1/1) D:7            Lair (6/6) D:9
  Swamp (0/4) Lair:4       Spider (2/4) Lair:3        Slime (0/5) Lair:6
    Orc (2/2) D:11            Elf (0/3) Orc:2        Vaults (0/5) D:13
 Depths (0/5) D:15

Altars:
Ashenzari
Cheibriados
Dithmenos
Elyvilon
Fedhas
Gozag
Hepliaklqana
Kikubaaqudgha
Makhleb
Nemelex Xobeh
Okawaru
Qazlal
Ru
Sif Muna
Trog
Uskayaw
Vehumet
Wu Jian
Xom
Yredelemnul
Zin
The Shining One

Shops:
D:7 [*[*   D:11 (   Orc:1 *%?   Orc:2 }=?[


Innate Abilities, Weirdness & Mutations

You are resistant to damage.
You can heal yourself by infusing magical energy.
You resist negative energy. (rN+)
You passively map the area around you.
You do not regenerate.
You are surrounded by a mild repulsion field. (EV +2)
You are clumsy. (Dex -2)
Your body sometimes deteriorates upon taking damage.
You are frail. (-10% HP)
You are weak. (Str -2)


Message History

The emperor scorpion completely misses you.
A tarantella and 2 redbacks come into view.
You feel better.
The tarantella hisses angrily.
You block the demonic crawler's attack. x2; The demonic crawler hits you.
The entropy weaver hits you.
* * * LOW HITPOINT WARNING * * *
You block the entropy weaver's attack.
The entropy weaver hits you but does no damage. x2
The emperor scorpion stings you. The emperor scorpion claws you.
* * * LOW HITPOINT WARNING * * *
You block the emperor scorpion's attack.
The redback moves out of view.
The demonic crawler hits you but does no damage.
The demonic crawler barely misses you. The demonic crawler misses you.
The entropy weaver hits you but does no damage. x2
You block the entropy weaver's attack. The entropy weaver hits you.
* * * LOW HITPOINT WARNING * * *
The emperor scorpion stings you!!
You die...

.###........... , ,,
..^......#.#.... ..s.##
..##.......#.#.. w#....,
.#.............s##.ss..# ,
....##..##.............. ,
...##....#.#.^.#..s.....*,
.####......###...s......
##..##...†.....ass......*
* ,
##...###^.†.#...@.....#,
,**
#.....#.........#.#.#...
#.........)#.#..### * *
####^..#.#>..#..#*, * ,
##..##.......#, , *
##....#.....# *, ,
#....#[....##
#...#.......#* * *
#.#.##...#..#


You could see an emperor scorpion (berserk), an entropy weaver, a torpor snail
(wandering), a demonic crawler, a jumping spider (wandering), a tarantella
(wandering) and 4 redbacks.

Vanquished Creatures
  Donald (Spider:1)
  Roxanne (D:15)
  Nessos (D:12)
  A red draconian (Volcano)
  An ettin (Orc:2)
  A minotaur (Lab)
  A rakshasa (D:15)
  7 hydras
  Erolcha (Orc:2)
  A death knight (D:13)
  3 centaur warriors
  3 tengu warriors
  2 ogre magi
  9 two-headed ogres
  7 death yaks (Lair:6)
  3 orc high priests (Orc:2)
  A deep elf knight (D:15)
  A skeletal warrior (D:13)
  A hell knight (D:15)
  3 unseen horrors
  A wizard (D:15)
  6 orc knights
  A lindwurm (Lair:6)
  A wolf spider zombie (D:15)
  4 orb spiders (Spider:1)
  15 ugly things (D:15)
  9 wolf spiders
  A deep elf mage (D:12)
  6 orc sorcerers
  2 oklob plants (Lair:6)
  A moth of wrath (Spider:2)
  A guardian serpent (shapeshifter) (D:15)
  5 black mambas
  3 cyclopes
  Maurice (Orc:2)
  3 torpor snails
  8 elephants
  5 yaktaurs (D:13)
  A centaur skeleton (D:13)
  4 gargoyles
  14 spiny frogs
  An efreet (D:13)
  5 rime drakes
  9 komodo dragons
  5 demonic crawlers
  11 jumping spiders
  A tengu conjurer (D:13)
  4 trolls
  10 polar bears
  2 hornets
  4 blink frogs (Lair:5)
  2 raiju (Lair:6)
  Prince Ribbit (D:7)
  10 hippogriffs
  4 dream sheep (Lair:6)
  26 redbacks (Spider:1)
  A wraith (D:13)
  2 tarantellas (Spider:1)
  3 wyverns
  45 yaks
  A hungry ghost (D:11)
  5 basilisks
  A human (D:7)
  4 hogs (D:7)
  6 wargs
  7 water moccasins
  15 hell hounds (Lair:6)
  8 porcupines
  A swamp drake (Lair:4)
  17 orc warriors
  A sky beast (D:15)
  3 ice beasts
  12 black bears
  9 ogres
  An eye of draining (D:11)
  31 wolves
  3 necrophages
  12 centaurs
  9 crocodiles
  15 bullfrogs
  A big kobold (D:4)
  A wyvern zombie (D:7)
  2 wyvern skeletons
  3 scorpions
  A water moccasin skeleton (D:7)
  12 killer bees
  An electric eel (Lair:2)
  3 howler monkeys
  A bullfrog zombie (D:6)
  3 centaur zombies
  6 crimson imps
  8 jellies
  4 hounds
  18 orc wizards
  13 orc priests
  Jessica (D:3)
  6 bullfrog skeletons
  Terence (D:3)
  3 iguanas (Lair:4)
  2 worker ants
  A killer bee zombie (D:6)
  A hound zombie (D:5)
  A hound skeleton (D:8)
  17 gnolls
  15 adders
  A river rat (D:4)
  A shadow imp (D:10)
  4 oozes
  An adder skeleton (D:6)
  2 adder zombies (D:6)
  A worm (D:2)
  10 leopard geckos
  59 orcs
  7 bats
  12 giant cockroaches
  8 goblins
  8 hobgoblins
  12 jackals
  4 kobolds
  3 quokkas
  8 ball pythons
  7 frilled lizards
  A leopard gecko skeleton (D:4)
  8 rats
  A bush (Lair:1)
  2 fungi (Lair:2)
  6 plants
739 creatures vanquished.

Vanquished Creatures (others)
  A black mamba (Lair:6)
  An orc warrior (D:12)
  3 fungi
  13 plants
18 creatures vanquished.

Grand Total: 757 creatures vanquished

Notes
Turn   | Place    | Note
-------+----------+-------------------------------------------
     0 | D:1      | Lovchig the Deep Dwarf Fighter began the quest for the Orb.
     0 | D:1      | Reached XP level 1. HP: 20/20 MP: 1/1
    33 | D:1      | Reached XP level 2. HP: 18/27 MP: 2/2
   265 | D:1      | Reached skill level 1 in Dodging
   490 | D:1      | Reached XP level 3. HP: 21/34 MP: 3/3
   782 | D:2      | Reached skill level 3 in Axes
   800 | D:2      | Found an ornate altar of the Wu Jian Council.
   835 | D:2      | Reached XP level 4. HP: 25/42 MP: 4/4
  1235 | D:3      | Reached XP level 5. HP: 15/49 MP: 5/5
  1237 | D:3      | HP: 2/49 [something/puff of flame (5)]
  1247 | D:3      | Reached skill level 4 in Axes
  1339 | D:3      | Noticed Jessica
  1374 | D:3      | Killed Jessica
  1398 | D:3      | Noticed Terence
  1406 | D:3      | Killed Terence
  1408 | D:3      | Reached XP level 6. HP: 45/56 MP: 5/5
  1742 | D:4      | Found a shattered altar of Ashenzari.
  1776 | D:4      | Reached skill level 5 in Axes
  1942 | D:4      | Found a deep blue altar of Sif Muna.
  2100 | D:4      | Reached XP level 7. HP: 23/62 MP: 6/6
  2178 | D:4      | Reached skill level 5 in Shields
  2179 | D:4      | Found a glowing drain.
  2196 | Sewer    | Entered a sewer
  2431 | Sewer    | Reached skill level 6 in Axes
  2729 | D:4      | Found a glowing golden altar of the Shining One.
  2757 | D:5      | Entered Level 5 of the Dungeon
  2798 | D:5      | Found a sparkling altar of Nemelex Xobeh.
  2970 | D:5      | Found the +4 skin of Zhor {rC+++}
  3193 | D:5      | Found a stormy altar of Qazlal.
  3905 | D:6      | Reached XP level 8. HP: 29/72 MP: 6/6
  3984 | D:7      | Found Nimoll's General Store.
  4145 | D:7      | Reached skill level 7 in Axes
  4149 | D:7      | Found Ejoinun's Armour Shoppe.
  4153 | D:7      | Bought a +1 cloak of magic resistance for 165 gold pieces
  4301 | D:7      | Found a staircase to the Ecumenical Temple.
  4348 | D:7      | Reached skill level 5 in Armour
  4364 | D:7      | Found Ivvurunec's Antique Armour Shop.
  4545 | D:7      | Noticed Prince Ribbit
  4579 | D:7      | Killed Prince Ribbit
  4658 | D:7      | Found Fem Obesch's General Store.
  4765 | D:7      | Found a hazy altar of Hepliaklqana.
  4794 | D:7      | Reached skill level 8 in Axes
  4803 | D:7      | Gained mutation: You passively map the area around you. [Deep Dwarf growth]
  4803 | D:7      | Reached XP level 9. HP: 47/79 MP: 6/6
  4993 | D:8      | Found a blossoming altar of Fedhas.
  4995 | D:8      | Noticed a two-headed ogre
  5030 | Temple   | Entered the Ecumenical Temple
  5289 | D:8      | Killed a two-headed ogre
  5289 | D:8      | Reached skill level 5 in Fighting
  5289 | D:8      | Reached skill level 9 in Axes
  5384 | D:8      | Noticed a two-headed ogre
  5397 | D:8      | Killed a two-headed ogre
  5397 | D:8      | Reached skill level 5 in Dodging
  5504 | D:8      | Found an ancient bone altar of Kikubaaqudgha.
  5547 | D:8      | Reached XP level 10. HP: 55/88 MP: 5/5
  5634 | D:8      | Found an iron altar of Okawaru.
  5746 | D:8      | Found a burning altar of Makhleb.
  5752 | D:8      | Became a worshipper of Makhleb the Destroyer
  5858 | D:8      | Found a basalt altar of Yredelemnul.
  5876 | D:8      | Reached skill level 10 in Axes
  6082 | D:9      | Found a staircase to the Lair.
  6305 | D:9      | Noticed a two-headed ogre
  6322 | D:9      | Killed a two-headed ogre
  6568 | D:10     | Entered Level 10 of the Dungeon
  6907 | D:10     | Reached skill level 11 in Axes
  6919 | D:10     | Reached * piety under Makhleb
  7406 | D:11     | Reached skill level 10 in Shields
  7435 | D:11     | Reached XP level 11. HP: 56/97 MP: 0/4
  7550 | D:11     | Found Upnaizxa's Weapon Boutique.
  7603 | D:11     | Reached ** piety under Makhleb
  7780 | D:11     | Found a staircase to the Orcish Mines.
  7926 | D:11     | Noticed a two-headed ogre
  7941 | D:11     | Killed a two-headed ogre
  7941 | D:11     | Reached skill level 12 in Axes
  8266 | D:12     | Noticed a deep elf mage
  8268 | D:12     | Found an iron altar of Okawaru.
  8288 | D:12     | Killed a deep elf mage
  8478 | D:12     | Noticed Nessos
  8546 | D:12     | Killed Nessos
  8860 | D:13     | Noticed a five-headed hydra
  8904 | D:13     | Noticed a tengu warrior
  8947 | D:13     | Killed a tengu warrior
  9064 | D:13     | Reached *** piety under Makhleb
  9104 | D:13     | Noticed an ogre mage
  9105 | D:13     | Noticed a centaur warrior
  9112 | D:13     | Killed a centaur warrior
  9112 | D:13     | Reached XP level 12. HP: 109/109 MP: 4/4
  9166 | D:13     | Killed an ogre mage
  9166 | D:13     | Reached skill level 13 in Axes
  9334 | D:13     | Noticed a death knight
  9364 | D:13     | Killed a death knight
  9426 | D:13     | Found a gate to the Vaults.
  9873 | D:13     | Killed a one-headed hydra
 10005 | D:14     | Found a basalt altar of Yredelemnul.
 10028 | D:14     | Noticed a two-headed ogre
 10036 | D:14     | Killed a two-headed ogre
 10780 | D:15     | Entered Level 15 of the Dungeon
 10844 | D:15     | Reached **** piety under Makhleb
 10855 | D:15     | Reached skill level 14 in Axes
 10869 | D:15     | Reached XP level 13. HP: 106/117 MP: 4/4
 10877 | D:15     | Found a labyrinth entrance.
 10883 | Lab      | Entered a labyrinth
 11119 | Lab      | Noticed a minotaur
 11131 | Lab      | Killed a minotaur
 11133 | Lab      | Identified Dazuyde's Disquisition on Shifting Fascination
 11287 | D:15     | Reached skill level 10 in Armour
 11371 | D:15     | Found a staircase to the Depths.
 11772 | D:15     | Noticed Roxanne
 11802 | D:15     | Killed Roxanne
 11803 | D:15     | Identified Roxanne's Incunabulum of Earth (You took it off Roxanne on level 15 of the Dungeon)
 11872 | D:15     | Reached skill level 1 in Long Blades
 11872 | D:15     | Reached skill level 15 in Axes
 12083 | D:14     | Upgraded the game from 0.21.0-26-g889b8f6 to 0.21.0-30-g47ce8e4
 12203 | Lair:1   | Entered Level 1 of the Lair of Beasts
 12301 | Lair:1   | Found a dark tunnel.
 12309 | Volcano  | Entered a volcano
 12426 | Volcano  | Noticed a red draconian
 12447 | Volcano  | Killed a red draconian
 12530 | Volcano  | Gained mutation: Your body sometimes deteriorates upon taking damage. [potion of mutation]
 12530 | Volcano  | Gained mutation: You are clumsy. (Dex -2) [potion of mutation]
 12530 | Volcano  | Gained mutation: You are frail. (-10% HP) [potion of mutation]
 12530 | Volcano  | Lost mutation: You are frail. (-10% HP) [potion of mutation]
 12648 | Lair:1   | Reached ***** piety under Makhleb
 12656 | Lair:1   | Got a transparent plate armour
 12667 | Lair:1   | Identified the +0 plate armour of the Other Side {rN+} (You found it on level 1 of the Lair of Beasts)
 13436 | Lair:2   | Gained mutation: You resist negative energy. (rN+) [Deep Dwarf growth]
 13436 | Lair:2   | Reached XP level 14. HP: 37/129 MP: 1/1
 14445 | Lair:3   | Identified the +1 falchion of Integrity {venom, rElec MR+ Int+4} (You found it on level 3 of the Lair of Beasts)
 14545 | Lair:3   | Found a hole to the Spider Nest.
 15385 | Lair:4   | Found a staircase to the Swamp.
 15400 | Lair:4   | Reached ****** piety under Makhleb
 15474 | Lair:4   | Reached skill level 16 in Axes
 16322 | Lair:6   | Entered Level 6 of the Lair of Beasts
 16328 | Lair:6   | Found a staircase to the Slime Pits.
 16962 | Lair:6   | Reached skill level 10 in Dodging
 17038 | Lair:6   | Reached XP level 15. HP: 138/138 MP: 1/1
 17163 | Lair:6   | Reached skill level 10 in Fighting
 17426 | Lair:6   | Reached skill level 15 in Shields
 17945 | Orc:1    | Entered Level 1 of the Orcish Mines
 17950 | Orc:1    | Found Vaeclov's Magic Scroll Shoppe.
 17958 | Orc:1    | Noticed Erolcha
 18104 | Orc:1    | Found a bloodstained altar of Trog.
 18133 | Orc:1    | Found Luziany's Food Emporium.
 18194 | Orc:2    | Entered Level 2 of the Orcish Mines
 18194 | Orc:2    | Found a staircase to the Elven Halls.
 18250 | Orc:2    | Killed Erolcha
 18268 | Orc:2    | Noticed Maurice
 18288 | Orc:2    | Reached skill level 17 in Axes
 18299 | Orc:2    | Killed Maurice
 18564 | Orc:2    | Gained mutation: You are surrounded by a mild repulsion field. (EV +2) [a neqoxec]
 18565 | Orc:2    | Gained mutation: You are weak. (Str -2) [a neqoxec]
 18568 | Orc:2    | Gained mutation: You are frail. (-10% HP) [a neqoxec]
 18597 | Orc:2    | Found Ythenukk's Jewellery Emporium.
 18597 | Orc:2    | Found Qotreino's Gadget Emporium.
 18606 | Orc:2    | Found Liqaun's Magic Scroll Boutique.
 18644 | Orc:2    | Found Waintilo's Armour Boutique.
 19116 | Orc:1    | Found Dekh's Assorted Antiques.
 19488 | Spider:1 | Entered Level 1 of the Spider Nest
 19687 | Spider:1 | Paralysed by a hornet for 1 turns
 19742 | Spider:1 | Noticed Donald
 19776 | Spider:1 | Killed Donald
 20430 | Spider:1 | Reached XP level 16. HP: 85/135 MP: 1/1
 20644 | Spider:2 | HP: 6/136 [emperor scorpion (5)]
 20646 | Spider:2 | Demolished by an emperor scorpion

Skill      XL: |  1  2  3  4  5  6  7  8  9 10 11 12 13 14 15 16 |
---------------+-------------------------------------------------+-----
Fighting       | 3 4 5 6 7 8 9 11 | 11.7
Dodging        | 1 2 3 4 5 6 7 8 9 10 | 10.9
Axes           | 3 4 5 6 8 9 11 12 14 15 16 17 | 17.7
Shields        | 4 5 7 8 10 11 12 13 14 15 16 | 16.0
Armour         | 4 5 6 7 8 9 10 11 12 | 12.2
Long Blades    | 1 |  1.6

Action                   |  1- 3 |  4- 6 |  7- 9 | 10-12 | 13-15 | 16-18 || total
-------------------------+-------+-------+-------+-------+-------+-------++-------
Melee: War axe           |   124 |   200 |   371 |   988 |   206 |       ||  1889
       Scimitar          |       |       |       |    10 |    43 |       ||    53
       Broad axe         |       |       |       |       |  1701 |    66 ||  1767
 Abil: Heal Wounds       |       |     3 |    14 |    34 |    27 |     3 ||    81
  Use: Scroll            |     5 |     2 |     9 |     8 |    10 |       ||    34
       Potion            |       |       |     1 |       |    13 |     6 ||    20
 Stab: Distracted        |       |       |       |     2 |       |       ||     2
  Eat: Chunk             |       |     5 |    12 |    19 |    30 |       ||    66
       Ration            |       |       |       |       |     1 |     1 ||     2
Armor: Scale mail        |    37 |       |       |       |       |       ||    37
       Plate armour      |    75 |   143 |   192 |   553 |   924 |    78 ||  1965
Dodge: Dodged            |    33 |    46 |    73 |   190 |   569 |    88 ||   999
Block: Shield            |    90 |   118 |    85 |       |   115 |   100 ||   508
       Large shield      |       |       |   277 |   950 |  1897 |       ||  3124
       Rpst.: Scimitar   |       |       |       |     1 |     8 |       ||     9
